 Dungeon Crawl Stone Soup version 0.26-a0-663-g36e8fdb655 (webtiles) character file.

Game seed: 9266349982998208361

26 somkeydreadnuts the Shield-Bearer (level 2, -2/28 HPs)
             Began as a Deep Dwarf Fighter on Oct 13, 2020.
             Slain by a hobgoblin
             ... wielding a +0 short sword of electrocution
              (7 damage)
             ... on level 2 of the Dungeon.
             The game lasted 00:05:03 (901 turns).

somkeydreadnuts the Shield-Bearer (DDFi)             Turns: 901, Time: 00:05:03

Health: -2/28      AC: 18    Str: 19    XL:     2   Next: 89%
Magic:  2/2        EV:  3    Int:  8    God:
Gold:   32         SH:  9    Dex: 12    Spells: 1/1 levels left

rFire    . . .     SeeInvis .   i - +0 dagger (protect)
rCold    . . .     Faith    .   c - +0 kite shield
rNeg     . . .     Spirit   .   f - +0 plate armour
rPois    .         Reflect  .   (no helmet)
rElec    .         Harm     .   (no cloak)
rCorr    .         Rampage  .   (no gloves)
MR       .....                  (no boots)
Stlth    ..........             (no amulet)
HPRegen  0.00/turn              (no ring)
MPRegen  0.08/turn              (no ring)

@: protection aura, non-regenerating
A: damage resistance, heal wounds, sense surroundings 1, no regeneration
a: Heal Wounds


You were on level 2 of the Dungeon.
You visited 1 branch of the dungeon, and saw 2 of its levels.

You collected 32 gold pieces.

Inventory:

Hand Weapons
 a - a +0 war axe
 i - a +0 dagger of protection (weapon)
Armour
 b - a +0 scale mail
 c - a +0 kite shield (worn)
 f - a +0 plate armour (worn)
Scrolls
 e - a scroll of identify {unknown}
 g - a scroll of remove curse {unknown}
 k - a scroll of enchant armour {unknown}
Potions
 d - a potion of might
 h - a potion of curing {unknown}
 j - a potion of stabbing {unknown}


   Skills:
 + Level 3.0 Fighting
 + Level 2.5 Axes
 + Level 3.6 Armour
 + Level 0.1 Dodging
 + Level 3.8 Shields


You had one spell level left.
You didn't know any spells.
Your spell library was empty.

Dungeon Overview and Level Annotations

Branches:
Dungeon (2/15)

Altars:


Innate Abilities, Weirdness & Mutations

You are resistant to damage.
You can heal yourself by infusing magical energy.
You passively map a small area around you.
You do not regenerate.


Message History

The hobgoblin hits you with a +0 short sword of electrocution.
You hit the hobgoblin but do no damage.
The hobgoblin is moderately wounded.
The hobgoblin hits you but does no damage.
You are electrocuted!
Ouch! That really hurt!
* * * LOW HITPOINT WARNING * * *
A bat comes into view.
You hit the hobgoblin but do no damage.
The hobgoblin is moderately wounded.
You block the hobgoblin's attack.
The hobgoblin hits you but does no damage.
You hit the hobgoblin.
The hobgoblin is heavily wounded.
You block the hobgoblin's attack.
You hit the hobgoblin but do no damage.
The hobgoblin is heavily wounded.
The hobgoblin hits you but does no damage.
You are electrocuted!
You die...

#.#.......#.#.# ,
, #.#########.#.#
,
,,#.........#.#.#
, ,
#########.#.#.#
,* *** #.#.#.# ,
, * #.#.#.# , . ,
#...#.#
....#######.# , ,
.....bg@....# ,
....######### .,,
, , , , ,* , *


You could see a hobgoblin and a bat.

Vanquished Creatures
  A leopard gecko (D:1)
  3 bats (D:1)
  A giant cockroach (D:1)
  6 goblins (D:1)
  A hobgoblin (D:1)
  A frilled lizard (D:1)
  5 kobolds (D:1)
  4 rats (D:1)
22 creatures vanquished.

Notes
Turn   | Place    | Note
-------+----------+-------------------------------------------
     0 | D:1      | somkeydreadnuts the Deep Dwarf Fighter began the quest for
                  | the Orb.
     0 | D:1      | Reached XP level 1. HP: 20/20 MP: 1/1
   168 | D:1      | Reached XP level 2. HP: 21/27 MP: 2/2
   901 | D:2      | Slain by a hobgoblin

Illustrated notes

Levels and vault maps discovered:
D:1:      lemuel_arrival_hallway, layout_basic
D:2:      layout_basic, eat_drink_and_be_merry_uskayaw,
          chequers_ecumenical_altar_grove, uniq_natasha, uniq_crazy_yiuf_cottage

Skill      XL: |  1  2 |
---------------+-------+-----
Fighting       | 3 |  3.0
Axes           | |  2.5
Armour         | |  3.6
Dodging        | |  0.1
Shields        | |  3.8

Action                   || total
-------------------------++-------
Melee: War axe           ||    57
       Dagger            ||    33
Armor: Scale mail        ||     7
       Plate armour      ||    60
Dodge: Dodged            ||    19
Block: Kite shield       ||    54

Table legend: (Time is in decaauts)
 A = Elapsed time spent in this place.
 B = Non-inter-level travel time spent in this place.
 C = Inter-level travel time spent in this place.
 D = Time resting spent in this place.
 E = Time spent auto-exploring this place.
 F = Levels seen in this place.
 G = Mean time per level.
                   A        B        C        D        E       F      G
               +--------+--------+--------+--------+--------+-----+--------+
         Total |    929 |    868 |     61 |      0 |    605 |   2 |  464.5 |
       Dungeon |    929 |    868 |     61 |      0 |    605 |   2 |  464.5 |
               +--------+--------+--------+--------+--------+-----+--------+

Top non-repeatable levels by time:
     D:1: 828 daAuts
     D:2: 100 daAuts
